 Dungeon Crawl Stone Soup version 0.26-a0-639-g72c4674329 (webtiles) character file.

Game seed: 12066539173274484956

417 Borgoz the Skirmisher (level 6, -2/40 HPs)
             Began as a Gargoyle Berserker on Sept 18, 2020.
             Was a Priest of Trog.
             Slain by an ogre
             ... wielding a +0 giant club
              (19 damage)
             ... on level 5 of the Dungeon.
             The game lasted 00:04:14 (4651 turns).

Borgoz the Skirmisher (Gargoyle Berserker)          Turns: 4651, Time: 00:04:15

Health: -2/40      AC: 15    Str: 20      XL:     6   Next: 92%
Magic:  6/6        EV: 12    Int:  8      God:    Trog [***...]
Gold:   195        SH:  0    Dex: 10 (11) Spells: 5/5 levels left

rFire    . . .     SeeInvis .   p - +0 flail
rCold    . . .     Faith    .   (no shield)
rNeg     + . .     Spirit   .   n - +0 ring mail
rPois    ∞         Reflect  .   (no helmet)
rElec    +         Harm     .   (no cloak)
rCorr    .         Rampage  .   (no gloves)
MR       +....                  u - +0 pair of boots
Stlth    ..........             (no amulet)
HPRegen  0.13/turn              f - ring of protection from magic
MPRegen  0.10/turn              b - +4 ring of protection

@: no status effects
A: negative energy resistance 1, electricity resistance, unbreathing,
petrification resistance, rot immunity, AC +4
a: Berserk, Trog's Hand, Renounce Religion


You were on level 5 of the Dungeon.
You worshipped Trog.
Trog was most pleased with you.
You visited 1 branch of the dungeon, and saw 5 of its levels.

You collected 195 gold pieces.

Inventory:

Hand Weapons
 p - a +0 flail (weapon)
Missiles
 y - a throwing net (quivered)
Armour
 n - a +0 ring mail (worn)
 u - a +0 pair of boots (worn)
Jewellery
 b - a +4 ring of protection (right hand)
 c - an uncursed ring of ice
 f - a ring of protection from magic (left hand)
Scrolls
 d - a scroll of teleportation {unknown}
 e - a scroll of magic mapping {unknown}
 g - 3 scrolls of identify {unknown}
 h - 2 scrolls of remove curse
 i - a scroll of fog {unknown}
 l - 2 scrolls of enchant armour {unknown}
 q - 2 scrolls of enchant weapon {unknown}
 w - a scroll of blinking {unknown}
Potions
 a - a potion of might {unknown}
 j - 2 potions of curing {unknown}
 k - a potion of haste {unknown}
 m - a potion of lignification {unknown}
 o - 2 potions of resistance {unknown}
 r - a potion of cancellation {unknown}
 s - a potion of magic {unknown}
 t - a potion of stabbing {unknown}
 v - a potion of heal wounds {unknown}
 x - a potion of ambrosia {unknown}


   Skills:
 + Level 5.0 Fighting
 + Level 4.5 Maces & Flails
 + Level 4.3 Armour
 + Level 3.2 Dodging


You had 5 spell levels left.
You didn't know any spells.
Your spell library was empty.

Dungeon Overview and Level Annotations

Branches:
Dungeon (5/15)
 Temple: D:4-7

Altars:
Okawaru
Qazlal
Ru


Innate Abilities, Weirdness & Mutations

You are resistant to torment.
Your stone body is resilient. (AC +4)
You are immune to poison.
You resist negative energy. (rN+)
You are resistant to electric shocks. (rElec)
You can survive without breathing.
You are immune to petrification.
You are immune to rotting.


Message History

An ogre is nearby!
You aren't carrying any items that you can evoke.
The ogre closely misses you.
You hit the ogre but do no damage. The ogre closely misses you.
You barely miss the ogre. The ogre hits you with a +0 giant club.
You hit the ogre.
The ogre is lightly wounded.
The ogre misses you.
You barely miss the ogre.
The ogre is lightly wounded.
You hit the ogre.
The ogre is moderately wounded.
The ogre closely misses you.
You barely miss the ogre.
The ogre is moderately wounded.
The ogre hits you with a +0 giant club.
You sock the ogre!
The ogre is severely wounded.
The ogre hits you with a +0 giant club!!
You die...

..... ......
...... ...... ..
#...... ...
####.......
#..##..O.##.$..
#.#
#..#..@.#.....
..##.............
#..#..(....##....
.....##...##..##
...###........#
.#..##..[......
#.###........
##<.##).......
#....))#..#...


You could see an ogre.

Vanquished Creatures
  The ghost of Borgoz the Skirmisher, an amateur GrBe of Trog (D:3)
  A hound (D:4)
  A quasit (D:5)
  2 orc wizards (D:4)
  A worker ant (D:4)
  3 gnolls (D:5)
  7 adders
  2 oozes
  2 dart slugs (D:3)
  A leopard gecko (D:4)
  10 orcs
  A ball python (D:1)
  4 giant cockroaches
  6 goblins
  13 hobgoblins
  4 jackals (D:2)
  14 kobolds
  4 quokkas
  7 bats
  3 frilled lizards
  A jackal skeleton (D:4)
  9 rats
97 creatures vanquished.

Notes
Turn   | Place    | Note
-------+----------+-------------------------------------------
     0 | D:1      | Borgoz the Gargoyle Berserker began the quest for the Orb.
     0 | D:1      | Reached XP level 1. HP: 14/14 MP: 1/1
   231 | D:1      | Reached XP level 2. HP: 8/19 MP: 2/2
   827 | D:1      | Found an iron altar of Okawaru.
  1387 | D:2      | Reached XP level 3. HP: 8/24 MP: 3/3
  1796 | D:2      | Reached ** piety under Trog
  1815 | D:2      | Reached XP level 4. HP: 14/29 MP: 4/4
  2206 | D:2      | Found a stormy altar of Qazlal.
  2485 | D:2      | Reached skill level 4 in Fighting
  3025 | D:3      | Found a runed translucent door.
  3025 | D:3      | Noticed Borgoz's ghost (amateur GrBe)
  3167 | D:3      | Reached XP level 5. HP: 29/33 MP: 5/5
  3251 | D:3      | Reached *** piety under Trog
  3624 | D:3      | Killed Borgoz's ghost
  3624 | D:3      | Reached XP level 6. HP: 32/39 MP: 6/6
  3900 | D:4      | Found a sacrificial altar of Ru.
  4549 | D:5      | Entered Level 5 of the Dungeon
  4587 | D:5      | Reached skill level 5 in Fighting
  4651 | D:5      | Slain by an ogre

Illustrated notes

Levels and vault maps discovered:
D:1:      dpeg_arrival_line_fractal, layout_basic, okawaru_ov_weapons_minmay
D:2:      layout_basic, nrook_campfire, dk_vineyard_1,
          nicolae_qazlal_general_emergency
D:3:      layout_rooms, hellmonk_ghost_happy_afterlife
D:4:      layout_basic, nicolae_overflow_crystal_walls
D:5:      layout_cave_pools, grunt_temple_overflow_open,
          minmay_temple_entry_from_below_a, trog_three_pillars_becter

Skill      XL: |  1  2  3  4  5  6 |
---------------+-------------------+-----
Dodging        | 2 3 |  3.2
Armour         | 3 4 |  4.3
Fighting       | 4 5 |  5.0
Maces & Flails | 4 |  4.5

Action                   |  1- 3 |  4- 6 || total
-------------------------+-------+-------++-------
Melee: Mace              |   126 |   118 ||   244
       Flail             |       |   119 ||   119
  Use: Potion            |     1 |       ||     1
       Scroll            |       |     1 ||     1
Armor: Animal skin       |    74 |    25 ||    99
       Ring mail         |       |   141 ||   141
Dodge: Dodged            |   145 |   209 ||   354

Table legend: (Time is in decaauts)
 A = Elapsed time spent in this place.
 B = Non-inter-level travel time spent in this place.
 C = Inter-level travel time spent in this place.
 D = Time resting spent in this place.
 E = Time spent auto-exploring this place.
 F = Levels seen in this place.
 G = Mean time per level.
                   A        B        C        D        E       F      G
               +--------+--------+--------+--------+--------+-----+--------+
         Total |   4727 |   4447 |    280 |    445 |   3260 |   5 |  945.4 |
       Dungeon |   4727 |   4447 |    280 |    445 |   3260 |   5 |  945.4 |
               +--------+--------+--------+--------+--------+-----+--------+

Top non-repeatable levels by time:
     D:2: 1612 daAuts
     D:1: 1390 daAuts
     D:4: 869 daAuts
     D:3: 744 daAuts
     D:5: 111 daAuts
